Map: Eternal Empire LE

Players

Namshar - Winner!

  • Race: Zerg Zerg
  • League: Master
  • Spawn Location: 1:00

DisK

  • Race: Protoss Protoss
  • League: Grandmaster
  • Spawn Location: 7:00

Event: DreamHack SC2 Masters 2020 Fall

VOD

Have the link to the VOD?

Description

Time

  • Played on: Sept. 6, 2020, 3:34 p.m.
  • Length: 13:16

All games in this series

Show
View Real Time Build Order
Export as new Build Order

Namshar Zerg - Winner!

Build Orders: Hatch First, Lurkers, Roach Hydra 

Get SALT Encoding   

  12  0:00  Drone  
  13  0:12  Overlord  
  13  0:16  Drone  
  14  0:30  Drone x2  
  16  0:48  Hatchery  
  15  0:51  Drone  
  15  0:55  Drone  
  17  0:59  Drone  
  18  1:09  Extractor  
  17  1:14  Spawning Pool  
  17  1:17  Drone  
  17  1:20  Drone  
  18  1:27  Drone  
  19  1:38  Drone  
  20  1:48  Overlord  
  20  2:00  Queen x2  
  25  2:01  Zergling x4  
  26  2:11  Drone x2  
  28  2:24  Hatchery  
  28  2:26  Drone  
  28  2:28  Drone  
  29  2:35  Drone x2  
  31  2:41  Pneumatized Carapace  
  31  2:43  Drone  
  32  2:48  Overlord  
  32  2:54  Zergling x2  
  33  3:00  Drone  
  33  3:04  Drone  
  34  3:09  Queen  
  34  3:10  Drone x3  
  39  3:19  Drone  
  39  3:20  Drone x2  
  41  3:27  Lair  
  41  3:29  Drone, Roach Warren  
  41  3:35  Overlord  
  41  3:37  Drone  
  41  3:40  Drone x2  
  44  3:46  Drone x3  
  47  3:49  Queen  
  47  3:55  Drone, Overlord  
  50  3:58  Extractor  
  50  3:59  Extractor  
  50  4:00  Drone x2  
  50  4:08  Overlord  
  50  4:13  Queen  
  50  4:15  Roach x3  
  58  4:17  Roach  
  60  4:25  Overlord  
  60  4:26  Overseer  
  60  4:27  Roach  
  60  4:28  Roach  
  64  4:31  Overseer  
  64  4:33  Drone x2  
  64  4:34  Drone  
  64  4:36  Drone  
  68  4:44  Roach x3  
  74  4:49  Drone x2  
  76  5:05  Drone  
  76  5:06  Drone x2  
  79  5:09  Overlord x2  
  79  5:10  Overlord  
  79  5:14  Spire  
  79  5:17  Glial Reconstitution  
  79  5:20  Overlord  
  78  5:23  Drone x2  
  80  5:29  Overlord  
  80  5:31  Drone x2  
  80  5:32  Drone x2  
  80  5:33  Drone x3, Extractor  
  80  5:35  Extractor  
  85  5:36  Extractor  
  85  5:42  Drone x5  
  89  5:56  Drone x4  
  93  5:58  Overlord x2  
  93  6:01  Drone x2  
  93  6:02  Drone  
  96  6:09  Drone  
  97  6:11  Evolution Chamber  
  97  6:12  Overlord x2  
  97  6:18  Metabolic Boost  
  96  6:20  Overlord  
  96  6:23  Hatchery  
  97  6:25  Roach  
  97  6:26  Roach x2  
  97  6:28  Zerg Flyer Weapons Level 1  
  100  6:39  Mutalisk x7  
  114  6:47  Drone x2  
  114  6:49  Drone  
  114  6:50  Hydralisk Den  
  116  6:56  Zerg Missile Weapons Level 1  
  116  6:57  Unknown  
  116  6:59  Drone x3  
  118  7:04  Roach x5  
  128  7:09  Ravager  
  128  7:12  Roach x4  
  137  7:21  Grooved Spines  
  137  7:24  Overlord x3  
  135  7:44  Drone x11  
  146  7:53  Drone, Hatchery  
  146  7:58  Drone  
  146  7:59  Drone x6  
  153  8:05  Overlord  
  153  8:06  Overlord x3  
  153  8:08  Drone x2  
  153  8:09  Infestation Pit  
  153  8:10  Lurker Den  
  153  8:11  Queen  
  155  8:21  Extractor  
  155  8:25  Hydralisk x6, Ravager x5, Extractor  
  155  8:26  Roach x5, Ravager  
  181  8:32  Muscular Augments  
  180  8:36  Roach x6  
  180  8:40  Roach x2  
  189  8:45  Roach x3  
  181  8:53  Hydralisk x4  
  171  8:59  Hydralisk x2  
  163  9:03  Hydralisk  
  163  9:04  Hydralisk  
  156  9:15  Hydralisk x5  
  150  9:19  Hydralisk x2  
  144  9:31  Hydralisk x5  
  142  9:36  Hive  
  152  9:39  Hydralisk  
  152  9:40  Zergling x4  
  147  9:50  Hydralisk  
  147  9:51  Hydralisk x4  
  153  9:58  Overseer  
  153  10:07  Zerg Missile Weapons Level 2  
  153  10:11  Drone  
  153  10:12  Hydralisk  
  153  10:13  Evolution Chamber, Zergling x20  
  155  10:17  Hydralisk x4  
  158  10:28  Hatchery  
  157  10:37  Drone x3  
  157  10:38  Drone  
  157  10:39  Drone x4  
  163  10:43  Drone x2, Spore Crawler  
  163  10:44  Drone  
  163  10:46  Spine Crawler  
  163  10:48  Hydralisk x4  
  164  11:01  Seismic Spines  
  164  11:04  Zerg Ground Armor Level 1  
  164  11:07  Queen x3  
  164  11:09  Overseer  
  170  11:14  Lurker x6  
  170  11:17  Overlord x2  
  176  11:38  Drone x3  
  176  11:39  Drone  
  180  11:44  Hatchery  
  180  11:45  Lurker  
  180  11:46  Lurker x6  
  186  11:48  Overseer  
  186  11:49  Overseer  
  186  11:54  Drone x2, Spine Crawler x2  
  186  11:55  Drone  
  186  11:56  Spine Crawler  
  186  11:57  Spine Crawler  
  186  11:58  Adaptive Talons  
  185  12:01  Hatchery  
  185  12:05  Drone x2  
  185  12:06  Spore Crawler  
  185  12:08  Spine Crawler  
  181  12:25  Hydralisk x9  
  192  12:43  Hydralisk x4  
Show
View Real Time Build Order
Export as new Build Order

DisK Protoss 

Build Orders: 1 Gate Expand, Zealot Archon, Archon Drop, Dark Templar Rush 

Get SALT Encoding   

  12  0:00  Probe  
  13  0:12  Probe  
  14  0:19  Pylon  
  14  0:24  Probe  
  15  0:37  Probe (Chrono Boost)  
  15  0:40  Gateway  
  16  0:47  Assimilator, Probe (Chrono Boost)  
  17  0:52  Probe (Chrono Boost)  
  18  1:03  Probe  
  19  1:15  Probe  
  20  1:24  Nexus  
  20  1:35  Cybernetics Core  
  20  1:38  Probe  
  21  1:42  Assimilator  
  21  1:50  Probe  
  21  1:53  Pylon  
  22  2:03  Probe (Chrono Boost)  
  23  2:09  Adept (Chrono Boost)  
  23  2:12  Warp Gate  
  23  2:14  Probe (Chrono Boost)  
  26  2:23  Twilight Council  
  26  2:25  Probe  
  27  2:31  Stalker (Chrono Boost)  
  27  2:37  Probe  
  30  2:40  Probe  
  31  2:49  Probe  
  32  2:52  Robotics Facility  
  32  2:56  Probe  
  33  3:05  Probe  
  34  3:16  Dark Shrine  
  34  3:19  Probe (Chrono Boost)  
  34  3:22  Gateway  
  34  3:24  Probe (Chrono Boost)  
  34  3:26  Adept  
  36  3:29  Probe (Chrono Boost)  
  36  3:33  Probe (Chrono Boost)  
  38  3:35  Gateway  
  38  3:37  Probe  
  39  3:42  Warp Prism (Chrono Boost)  
  41  3:48  Probe  
  41  3:50  Probe  
  41  3:54  Pylon  
  43  4:02  Probe  
  44  4:05  Probe  
  44  4:07  Assimilator  
  44  4:08  Assimilator  
  45  4:11  Pylon  
  45  4:14  Probe  
  46  4:17  Probe  
  47  4:32  Dark Templar x3  
  47  4:34  Probe  
  47  4:35  Pylon  
  47  4:38  Probe  
  55  4:43  Pylon  
  55  4:58  Probe  
  56  5:07  Stalker  
  56  5:10  Pylon  
  56  5:11  Probe x2  
  56  5:12  Immortal  
  64  5:15  Dark Templar  
  64  5:16  Sentry  
  64  5:20  Pylon, Archon x2  
  68  5:31  Blink (Chrono Boost)  
  68  5:32  Probe x2  
  68  5:35  Nexus  
  70  5:39  Shield Battery  
  70  5:45  Probe  
  70  5:46  Pylon  
  71  5:53  Observer  
  71  5:56  Gateway  
  72  5:58  Gateway, Probe x2  
  72  5:59  Gateway  
  74  6:05  Sentry  
  74  6:08  Gateway  
  74  6:10  Gateway, Probe  
  77  6:14  Sentry x2  
  81  6:20  Probe  
  81  6:23  Probe  
  81  6:25  Shield Battery  
  83  6:32  Probe  
  84  6:34  Gateway  
  84  6:35  Gateway, Probe  
  84  6:38  Forge  
  85  6:45  Sentry  
  85  6:46  Stalker  
  85  6:47  Stalker  
  91  6:48  Probe  
  92  6:56  Probe x2  
  92  6:57  Stalker  
  92  7:00  Probe  
  97  7:04  Pylon  
  97  7:06  Sentry x2  
  101  7:08  Sentry, Probe  
  101  7:11  Assimilator  
  104  7:15  Assimilator  
  104  7:17  Shield Battery  
  104  7:22  Shield Battery, Stalker  
  106  7:26  Photon Cannon x2  
  106  7:33  Stalker x2  
  106  7:36  Stalker  
  111  7:45  Stalker  
  111  7:46  Stalker x2  
  117  7:59  Probe x3  
  120  8:08  Stalker x2  
  124  8:12  Pylon  
  124  8:14  Pylon  
  124  8:16  Pylon  
  124  8:26  Pylon  
  124  8:40  Stalker x10  
  106  9:03  Stalker x4  
  106  9:04  Stalker x6  
  110  9:12  Probe  
  110  9:13  Probe  
  92  9:29  Stalker x7  
  102  9:32  Stalker  
  100  9:50  Probe  
  100  9:51  Probe  
  100  9:52  Protoss Ground Weapons Level 1 (Chrono Boost)  
  102  9:54  Sentry x3  
  102  9:55  Zealot x7  
  122  10:07  Nexus  
  122  10:08  Observer  
  100  10:29  Robotics Bay  
  100  10:32  Charge (Chrono Boost), Pylon  
  99  10:37  Stalker  
  99  10:38  Stalker x2  
  105  10:54  Probe x2  
  105  10:55  Sentry x5  
  109  10:59  Stalker  
  109  11:00  Stalker  
  109  11:04  Stalker  
  109  11:05  Stalker x2  
  109  11:06  Pylon  
  109  11:07  Robotics Facility  
  109  11:08  Assimilator  
  115  11:12  Assimilator  
  115  11:18  Stalker  
  115  11:19  Stalker x4  
  121  11:30  Probe x3  
  123  11:35  Probe  
  123  11:37  Colossus (Chrono Boost)  
  124  11:42  Probe x3  
  124  11:44  Dark Templar  
  135  11:50  Shield Battery  
  135  11:52  Shield Battery, Probe  
  136  11:54  Probe x2  
  136  11:55  Photon Cannon  
  136  11:58  Colossus (Chrono Boost)  
  144  12:12  Photon Cannon  
  144  12:17  Zealot x3  
  144  12:18  Dark Templar  
  140  12:23  Stalker x5  
  140  12:24  Observer (Chrono Boost)  
  143  12:43  Immortal (Chrono Boost)  
  149  12:58  Zealot x5  
  151  12:59  Zealot x3  

Tags
 
Add a new tag
Caveats
  • Supply blocks, unpowered buildings, or Contaminate may cause inaccurate times.
  • Supply counts are checked every 10 seconds.